 Dungeon Crawl Stone Soup version 0.26-a0-612-gd4d190f45e (webtiles) character file.

Game seed: 11706556598424489648

64 Forgol the Slasher (level 3, -6/43 HPs)
             Began as a Demonspawn Berserker on Sept 10, 2020.
             Was a Believer of Trog.
             Mangled by a gnoll
             ... wielding a +2 flail of venom
              (14 damage)
             ... on level 3 of the Dungeon.
             The game lasted 00:02:47 (2088 turns).

Forgol the Slasher (Demonspawn Berserker)           Turns: 2088, Time: 00:02:48

Health: -6/43      AC:  3    Str: 18    XL:     3   Next: 91%
Magic:  3/3        EV: 12    Int:  8    God:    Trog [**....]
Gold:   121        SH:  0    Dex: 14    Spells: 2/2 levels left

rFire    . . .     SeeInvis .   a - +1 falchion
rCold    . . .     Faith    .   (no shield)
rNeg     . . .     Spirit   .   k - +0 leather armour (curse)
rPois    .         Reflect  .   (no helmet)
rElec    .         Harm     .   n - scarf {shadows}
rCorr    .                      (no gloves)
MR       .....                  (no boots)
Stlth    ..........             i - amulet of the acrobat
HPRegen  0.14/turn              (no ring)
MPRegen  0.08/turn              (no ring)

@: berserking, very quick
A: thin skeletal structure 1
a: Berserk, Trog's Hand, Renounce Religion


You were on level 3 of the Dungeon.
You worshipped Trog.
Trog was pleased with you.
You visited 1 branch of the dungeon, and saw 3 of its levels.

You collected 121 gold pieces.

Inventory:

Hand Weapons
 a - a +1 falchion (weapon)
Armour
 b - a +0 animal skin
 k - a cursed +0 leather armour (worn)
 n - a scarf of shadows (worn)
Jewellery
 e - a +6 ring of dexterity {unknown}
 i - an amulet of the acrobat (around neck)
 m - an uncursed amulet of regeneration {unknown}
Potions
 c - 2 potions of curing
 d - a potion of cancellation {unknown}
 f - a potion of stabbing {unknown}
 g - 2 potions of flight {unknown}
 j - a potion of haste {unknown}
 p - a potion of ambrosia {unknown}


   Skills:
 - Level 3.0 Fighting
 + Level 4.4 Long Blades
 - Level 1.7 Armour
 - Level 1.7 Dodging


You had 2 spell levels left.
You didn't know any spells.
Your spell library was empty.

Dungeon Overview and Level Annotations

Branches:
Dungeon (3/15)

Altars:


Innate Abilities, Weirdness & Mutations

You have a somewhat thin skeletal structure. (Dex +2, Stealth)


Message History

You are too injured to fight recklessly!
You are too injured to fight recklessly!
You are too injured to fight recklessly!
You are too injured to fight recklessly!
You are too injured to fight recklessly!
You are too injured to fight recklessly!
You are too injured to fight recklessly!
You are too injured to fight recklessly!
You are too injured to fight recklessly!
You are too injured to fight recklessly!
You are too injured to fight recklessly!
You are too injured to fight recklessly!
You are too injured to fight recklessly!
You are too injured to fight recklessly!
Okay, then.
Okay, then.
A red film seems to cover your vision as you go berserk!
You feel yourself moving faster!
You feel mighty! The gnoll closely misses you.
The gnoll hits you with a +2 flail of venom!
You die...

......# # .....#
.# .####..####.#
........<..# #
#####.#.##.# #.
#.#.#
#$#######.#.##
##.#.........††.#
.Z..g.@(...#.#..#
##...gg.........#
###.##.##.####.#
#. #.##... ..# #
#.###### ..# ..#
... ..# #### #.#


You could see 3 gnolls and an adder zombie.

Vanquished Creatures
  2 adders
  An ooze (D:2)
  2 worms
  A leopard gecko (D:2)
  A ball python (D:1)
  A giant cockroach (D:2)
  3 goblins
  4 hobgoblins
  3 jackals (D:1)
  3 kobolds
  A quokka (D:2)
  5 bats
  4 frilled lizards
  5 rats
36 creatures vanquished.

Notes
Turn   | Place    | Note
-------+----------+-------------------------------------------
     0 | D:1      | Forgol the Demonspawn Berserker began the quest for the
                  | Orb.
     0 | D:1      | Reached XP level 1. HP: 18/18 MP: 1/1
   301 | D:1      | Reached skill level 3 in Long Blades
   418 | D:1      | Gained mutation: You have a somewhat thin skeletal
                  | structure. (Dex +2, Stealth) [demonic ancestry]
   418 | D:1      | Reached XP level 2. HP: 24/24 MP: 2/2
  1290 | D:2      | Reached XP level 3. HP: 29/29 MP: 3/3
  1299 | D:2      | Reached skill level 4 in Long Blades
  1302 | D:2      | Reached ** piety under Trog
  2088 | D:3      | Mangled by a gnoll

Illustrated notes

Levels and vault maps discovered:
D:1:      dpeg_arrival_tiny_k, layout_loops_corners
D:2:      layout_basic
D:3:      layout_loops_ring, lemuel_coloured_pillars_altar, uniq_ijyb

Skill      XL: |  1  2  3 |
---------------+----------+-----
Long Blades    | 3 4 |  4.4
Fighting       | |  3.0
Armour         | |  1.7
Dodging        | |  1.7

Action                   || total
-------------------------++-------
Melee: Falchion          ||   107
Invok: Berserk           ||     2
  Use: Scroll            ||     7
 Stab: Sleeping          ||    10
Armor: Animal skin       ||    13
       Leather armour    ||    16
Dodge: Dodged            ||    96
       Rpst.: Falchion   ||    30

Table legend: (Time is in decaauts)
 A = Elapsed time spent in this place.
 B = Non-inter-level travel time spent in this place.
 C = Inter-level travel time spent in this place.
 D = Time resting spent in this place.
 E = Time spent auto-exploring this place.
 F = Levels seen in this place.
 G = Mean time per level.
                   A        B        C        D        E       F      G
               +--------+--------+--------+--------+--------+-----+--------+
         Total |   2115 |   2061 |     54 |    515 |   1213 |   3 |  705.0 |
       Dungeon |   2115 |   2061 |     54 |    515 |   1213 |   3 |  705.0 |
               +--------+--------+--------+--------+--------+-----+--------+

Top non-repeatable levels by time:
     D:1: 1238 daAuts
     D:2: 815 daAuts
     D:3: 61 daAuts
